 Dungeon Crawl Stone Soup version 0.23.0-3-gf3c87f2df8 (webtiles) character file.

Game seed: 17341251466898672523

9989 suspiciousseal the Carver (level 11, -4/142 HPs)
             Began as a Minotaur Fighter on Feb 25, 2019.
             Was an Elder of Makhleb.
             Slain by a porcupine (5 damage)
             ... on level 10 of the Dungeon.
             The game lasted 00:55:31 (9813 turns).

suspiciousseal the Carver (Minotaur Fighter)        Turns: 9813, Time: 00:55:31

Health: -4/142     AC: 25    Str: 30    XL:     11   Next: 30%
Magic:  0/19       EV:  2    Int:  5    God:    Makhleb [****..]
Gold:   589        SH: 13    Dex:  9    Spells: 10/10 levels left

rFire    . . .     SeeInvis .   a - +0 long sword
rCold    . . .     Gourm    .   c - +0 shield
rNeg     + + +     Faith    .   (armour currently unavailable)
rPois    +         Spirit   +   (helmet currently unavailable)
rElec    .         Reflect  .   (cloak currently unavailable)
rCorr    .         Harm     .   (gloves currently unavailable)
MR       .....     NoTele   +   (boots currently unavailable)
Stlth    ++........             e - amulet of guardian spirit
HPRegen  0.33/turn              g - ring of magical power
MPRegen  0.16/turn              (no ring)

@: mighty, tree-form, very slightly contaminated
A: (retaliatory headbutt)
a: Minor Destruction, Lesser Servant of Makhleb, Major Destruction, Renounce
Religion


You were on level 10 of the Dungeon.
You worshipped Makhleb.
Makhleb was greatly pleased with you.
You were not hungry.
You were a tree.
You visited 2 branches of the dungeon, and saw 11 of its levels.

You collected 589 gold pieces.

Inventory:

Hand Weapons
 a - a +0 long sword (weapon)
 i - the +9 war axe of Uncomfortable Rashes {chop, *Noise MR+ Str+4, unknown}
   (You found it on level 8 of the Dungeon)

   It inflicts extra damage upon your enemies.
   It affects your strength (+4).
   It affects your resistance to hostile enchantments.
   It may make noises in combat.
 x - a +6 dire flail
 y - a +6 great mace
 I - the +6 shillelagh "Devastator" {shatter}
   (You found it on level 8 of the Dungeon)
Armour
 b - a +2 scale mail (melded)
 c - a +0 shield (worn)
 n - a +0 cloak
 p - a scarf of resistance (melded)
 N - the +3 hat of Pondering {ponderous, MR+ MP+10 Int+5}
   (You took it off Gastronok on level 9 of the Dungeon)

   It affects your intelligence (+5).
   It affects your resistance to hostile enchantments.
   It affects your magic capacity (+10).
Jewellery
 e - an amulet of guardian spirit (around neck)
 g - a ring of magical power (left branch)
 s - a cursed amulet of inaccuracy {unknown}
 u - an uncursed ring of protection from fire
 A - a cursed ring of teleportation {unknown}
 B - an uncursed ring of protection from magic {unknown}
 J - a +2 ring of evasion {unknown}
Wands
 q - a wand of paralysis (12)
 C - a wand of polymorph (6)
 G - a wand of flame (24)
Scrolls
 h - 4 scrolls of magic mapping
 j - 2 scrolls of blinking
 k - 7 scrolls of teleportation
 m - 2 scrolls of holy word {unknown}
 o - a scroll of noise
 v - 3 scrolls of amnesia
 w - 2 scrolls of immolation
 z - 4 scrolls of remove curse
 H - 3 scrolls of random uselessness {unknown}
 K - a scroll of enchant weapon {unknown}
 L - a scroll of fear
 P - a scroll of identify
Potions
 d - a potion of might
 l - 2 potions of flight {unknown}
 r - 3 potions of brilliance
 t - a potion of curing
 D - a potion of ambrosia
 E - a potion of degeneration {unknown}
 F - 3 potions of lignification
 M - a potion of invisibility {unknown}
 Q - a potion of cancellation
Comestibles
 f - 22 rations
 O - 3 chunks of flesh


   Skills:
 + Level 8.6 Fighting
 + Level 12.3 Long Blades
 + Level 9.3 Armour
 + Level 5.6 Dodging
 + Level 1.6 Stealth
 + Level 11.4 Shields
 + Level 0.7 Evocations


You had 10 spell levels left.
You didn't know any spells.
Your spell library contained the following spells:

 Spells                   Type           Power        Failure   Level  Hunger
 Animate Skeleton         Necr           N/A          63%         1    ##.....
 Beastly Appendage        Tmut           #.....       63%         1    ##.....
 Magic Dart               Conj           #...         63%         1    ##.....
 Pain                     Necr           #...         63%         1    ##.....
 Searing Ray              Conj           #.....       77%         2    ###....
 Sticks to Snakes         Tmut           #.......     77%         2    ###....
 Dazzling Spray           Conj/Hex       #.....       94%         3    ####...
 Regeneration             Chrm/Necr      #.........   94%         3    ####...
 Spider Form              Tmut/Pois      #.........   94%         3    ####...
 Vampiric Draining        Necr           #.........   94%         3    ####...
 Animate Dead             Necr           N/A          100%        4    #####..
 Force Lance              Conj/Tloc      #.......     100%        4    #####..
 Fulminant Prism          Conj/Hex       #.........   100%        4    #####..
 Ice Form                 Ice/Tmut       #.......     100%        4    #####..
 Iskenderun's Mystic Bla  Conj           #.......     100%        4    #####..
 Blade Hands              Tmut           #.........   100%        5    ######.


Dungeon Overview and Level Annotations

Branches:
Dungeon (10/15)            Temple (0/1) D:7            Lair (1/6) D:10
    Orc: D:9-12

Altars:
Ashenzari
Elyvilon
Fedhas
Gozag
Kikubaaqudgha
Makhleb
Nemelex Xobeh
Ru
Sif Muna
Trog
Xom
Yredelemnul
Zin


Innate Abilities, Weirdness & Mutations

((You reflexively headbutt those who attack you in melee.))
((You have a pair of horns on your head.))


Message History

The jackal closely misses you. You furiously retaliate!
You headbutt the jackal!
You kill the jackal!
Makhleb accepts your kill.
You feel better. The jackal closely misses you. You furiously retaliate!
You headbutt the jackal!!
You kill the jackal!
Makhleb accepts your kill.
You feel better. You block the killer bee's attack. The blink frog hits you!
* * * LOW HITPOINT WARNING * * *
The blink frog blinks!
It was a potion of lignification.
You turn into a tree.
Your scarf of resistance melds into your body.
Your +2 scale mail melds into your body.
You feel hot and cold all over.
Your roots penetrate the ground.
You block the killer bee's attack. The jackal bites you.
* * * LOW HITPOINT WARNING * * *
The killer bee stings you but does no damage.
The porcupine bites you.
You die...

##############
##.....$.......
#....†§.....$..
#.....y♣h......
#..††.rZ.......
##....)........
######††...........
..........F...######
...........%..#
.....?...l....#######
..................../
.................##


You could see a basilisk, a blink frog, a porcupine, a killer bee, a centaur
warrior zombie and a jackal.

Vanquished Creatures
  Gastronok (D:9)
  2 two-headed ogres (D:7)
  The ghost of PeterQ the Slasher, a novice HaGl of the Shining One (D:7)
  5 gargoyles
  2 hippogriffs (D:7)
  A hungry ghost (D:8)
  A water moccasin (D:6)
  2 porcupines (D:10)
  A phantom (D:9)
  2 ice beasts
  An orc warrior (D:10)
  6 ogres
  A necrophage (D:6)
  6 centaurs
  Blork the orc (D:6)
  3 big kobolds
  5 bullfrogs
  A gnoll sergeant (D:9)
  3 scorpions
  12 killer bees
  An electric eel (D:9)
  A vampire bat (D:3)
  2 howler monkeys
  2 bullfrog zombies
  7 crimson imps
  6 hounds
  2 jellies
  A centaur zombie (D:5)
  6 orc priests
  4 bullfrog skeletons
  4 orc wizards
  3 iguanas
  3 worker ants
  A bullfrog simulacrum (D:9)
  A hound zombie (D:9)
  2 hound skeletons
  A worker ant zombie (D:5)
  15 gnolls
  A howler monkey skeleton (D:7)
  10 adders
  2 shadow imps
  2 white imps (D:9)
  An ooze (D:2)
  An adder skeleton (D:8)
  An adder zombie (D:7)
  2 worms
  2 dart slugs
  3 fire bats (D:3)
  6 leopard geckos
  13 orcs
  2 spectral bats (D:3)
  2 ball pythons
  3 bat skeletons (D:3)
  A bat zombie (D:3)
  10 giant cockroaches
  3 goblins (D:2)
  9 hobgoblins
  15 jackals
  4 quokkas
  12 bats
  A bat simulacrum (D:3)
  8 frilled lizards
  A giant cockroach zombie (D:5)
  A jackal skeleton (D:4)
  16 kobolds
  A leopard gecko skeleton (D:6)
  4 rats
  2 fungi (D:10)
  A plant (D:10)
259 creatures vanquished.

Vanquished Creatures (others)
  A plant (D:10)
1 creature vanquished.

Grand Total: 260 creatures vanquished

Notes
Turn   | Place    | Note
-------+----------+-------------------------------------------
     0 | D:1      | suspiciousseal the Minotaur Fighter began the quest for the
                  | Orb.
     0 | D:1      | Reached XP level 1. HP: 19/19 MP: 0/0
   502 | D:1      | Reached XP level 2. HP: 25/27 MP: 1/1
   840 | D:2      | Reached XP level 3. HP: 32/33 MP: 2/2
   912 | D:2      | Reached skill level 3 in Long Blades
  1000 | D:2      | Reached XP level 4. HP: 36/40 MP: 3/3
  1167 | D:2      | Found a basalt altar of Yredelemnul.
  1449 | D:2      | Found a shattered altar of Ashenzari.
  1632 | D:2      | Found a blossoming altar of Fedhas.
  1726 | D:2      | Found a deep blue altar of Sif Muna.
  2335 | D:3      | Reached skill level 1 in Dodging
  2361 | D:3      | Reached skill level 4 in Long Blades
  2361 | D:3      | Reached skill level 5 in Shields
  2361 | D:3      | Reached XP level 5. HP: 46/47 MP: 4/4
  2538 | D:4      | Reached XP level 6. HP: 53/53 MP: 5/5
  2858 | D:4      | Reached skill level 5 in Fighting
  3079 | D:4      | Found a sparkling altar of Nemelex Xobeh.
  3377 | D:4      | Found a burning altar of Makhleb.
  3386 | D:4      | Became a worshipper of Makhleb the Destroyer
  3478 | D:5      | Entered Level 5 of the Dungeon
  3521 | D:5      | Reached skill level 5 in Armour
  3561 | D:5      | Reached skill level 5 in Long Blades
  3561 | D:5      | Reached XP level 7. HP: 32/61 MP: 6/6
  4039 | D:5      | Found a sacrificial altar of Ru.
  4075 | D:5      | Reached skill level 6 in Long Blades
  4342 | D:5      | Reached * piety under Makhleb
  4617 | D:5      | Reached XP level 8. HP: 67/68 MP: 7/7
  4990 | D:6      | Reached skill level 7 in Long Blades
  5280 | D:6      | Reached skill level 8 in Long Blades
  5316 | D:6      | Noticed Blork the orc
  5328 | D:6      | Killed Blork the orc
  5510 | D:6      | Found a shimmering altar of Xom.
  5662 | D:7      | Found an opulent altar of Gozag.
  5682 | D:7      | Reached XP level 9. HP: 47/75 MP: 8/8
  5728 | D:7      | HP: 3/75 [poisoned by a killer bee]
  5733 | D:7      | HP: 2/75 [poisoned by a killer bee]
  6133 | D:7      | Found a transporter.
  6134 | D:7      | Noticed PeterQ's ghost (novice HaGl)
  6135 | D:7      | Noticed a two-headed ogre
  6136 | D:7      | Found a transporter.
  6204 | D:7      | Reached skill level 9 in Long Blades
  6275 | D:7      | Reached ** piety under Makhleb
  6339 | D:7      | Noticed a two-headed ogre
  6350 | D:7      | Killed a two-headed ogre
  6417 | D:7      | Found a staircase to the Ecumenical Temple.
  6840 | D:7      | Reached skill level 10 in Long Blades
  6840 | D:7      | Reached skill level 1 in Stealth
  7018 | D:7      | Killed PeterQ's ghost
  7018 | D:7      | Reached XP level 10. HP: 52/86 MP: 9/9
  7027 | D:7      | Killed a two-headed ogre
  7382 | D:8      | Found an ancient bone altar of Kikubaaqudgha.
  7387 | D:8      | Found a bloodstained altar of Trog.
  7628 | D:8      | Found a white marble altar of Elyvilon.
  7792 | D:8      | Reached skill level 10 in Shields
  7795 | D:8      | Reached skill level 11 in Long Blades
  7983 | D:8      | Noticed a gargoyle
  7984 | D:8      | Noticed a gargoyle
  7990 | D:8      | Killed a gargoyle
  7990 | D:8      | Reached *** piety under Makhleb
  8010 | D:8      | Killed a gargoyle
  8149 | D:8      | Noticed a gargoyle
  8154 | D:8      | Killed a gargoyle
  8160 | D:8      | Noticed a gargoyle
  8161 | D:8      | Found the +6 shillelagh "Devastator" {shatter}
  8168 | D:8      | Killed a gargoyle
  8168 | D:8      | Reached skill level 5 in Dodging
  8328 | D:8      | Got a dazzling war axe
  8951 | D:9      | Noticed Gastronok
  8994 | D:9      | Killed Gastronok
  8994 | D:9      | Reached skill level 12 in Long Blades
  8994 | D:9      | Reached XP level 11. HP: 73/95 MP: 10/10
  9336 | D:9      | Found a glowing silver altar of Zin.
  9492 | D:10     | Entered Level 10 of the Dungeon
  9663 | D:10     | Reached **** piety under Makhleb
  9750 | D:10     | Found a staircase to the Lair.
  9766 | Lair:1   | Entered Level 1 of the Lair of Beasts
  9787 | Lair:1   | HP: 1/95 [blink frog (9)]
  9812 | D:10     | HP: 1/95 [blink frog (9)]
  9813 | D:10     | Slain by a porcupine

Skill      XL: |  1  2  3  4  5  6  7  8  9 10 |
---------------+-------------------------------+-----
Shields        | 4 5 6 7 9 11 | 11.4
Fighting       | 4 5 6 7 8 |  8.6
Long Blades    | 3 4 5 6 8 10 12 | 12.3
Armour         | 4 5 6 7 9 |  9.3
Dodging        | 1 2 3 4 5 |  5.6
Stealth        | 1 |  1.6
Evocations     | |  0.7

Action                   |  1- 3 |  4- 6 |  7- 9 | 10-12 || total
-------------------------+-------+-------+-------+-------++-------
Melee: Long sword        |    51 |   159 |   353 |   341 ||   904
       Headbutt          |     8 |    28 |    71 |    83 ||   190
Evoke: Wand              |       |       |     3 |     2 ||     5
  Use: Scroll            |     4 |     3 |     7 |     2 ||    16
       Potion            |       |       |     6 |     3 ||     9
  Eat: Chunk             |       |     8 |     9 |     4 ||    21
       Ration            |       |       |     1 |     2 ||     3
Armor: Scale mail        |    34 |    91 |   104 |    65 ||   294
       Skin              |       |       |       |     1 ||     1
Dodge: Dodged            |    20 |   101 |   124 |   116 ||   361
Block: Shield            |    30 |   111 |   232 |   186 ||   559
       Rpst.: Long sword |     3 |    24 |    31 |    35 ||    93
